 Dungeon Crawl Stone Soup version 0.25.1-2-g60ff931df9 (webtiles) character file.

Game seed: 1644705295915879977

5481 Peloso the Carver (level 10, -3/90 HPs)
             Began as a Minotaur Fighter on Aug 13, 2020.
             Was an Elder of Okawaru.
             Killed by divine providence
             ... invoked by an orc priest
              (13 damage)
             ... on level 10 of the Dungeon.
             The game lasted 00:23:20 (10449 turns).

Peloso the Carver (Minotaur Fighter)               Turns: 10449, Time: 00:23:21

Health: -3/90      AC: 21    Str: 22    XL:     10   Next: 42%
Magic:  9/9        EV:  6    Int:  5    God:    Okawaru [****..]
Gold:   436        SH: 12    Dex: 12    Spells: 9/9 levels left

rFire    . . .     SeeInvis .   a - +2 long sword
rCold    . . .     Gourm    .   c - +0 kite shield
rNeg     + . .     Faith    .   A - +0 plate armour
rPois    .         Spirit   .   (helmet restricted)
rElec    .         Reflect  .   r - +2 cloak
rCorr    .         Harm     .   t - +2 pair of gloves
MR       .....                  (no boots)
Stlth    ..........             (no amulet)
HPRegen  0.25/turn              m - ring of positive energy
MPRegen  0.11/turn              F - ring of attention (curse)

@: lethally poisoned (-3 -> -7)
A: retaliatory headbutt, horns 2
a: Heroism, Renounce Religion


You were on level 10 of the Dungeon.
You worshipped Okawaru.
Okawaru was greatly pleased with you.
You were not hungry.

You visited 2 branches of the dungeon, and saw 11 of its levels.

You collected 436 gold pieces.

Inventory:

Hand Weapons
 a - a +2 long sword (weapon)
 b - a +1 short sword of flaming
Armour
 c - a +0 kite shield (worn)
 r - a +2 cloak (worn)
 t - a +2 pair of gloves (worn)
 v - a +0 chain mail
 A - a +0 plate armour (worn)
Jewellery
 m - a ring of positive energy (left hand)
 x - an uncursed ring of protection from fire
 F - a cursed ring of attention (right hand)
Wands
 i - a wand of clouds (8)
 u - a wand of random effects (17)
 y - a wand of acid (7)
 C - a wand of flame (16)
 I - a wand of enslavement (10)
 K - a wand of paralysis (8)
Scrolls
 e - 4 scrolls of teleportation
 h - 2 scrolls of remove curse {unknown}
 o - 2 scrolls of identify
 p - 2 scrolls of enchant weapon {unknown}
 q - a scroll of amnesia {unknown}
 w - a scroll of fog {unknown}
 z - a scroll of enchant armour {unknown}
 D - 2 scrolls of immolation {unknown}
 E - a scroll of fear {unknown}
 G - a scroll of noise {unknown}
 J - a scroll of acquirement {unknown}
Potions
 d - 5 potions of might
 g - a potion of heal wounds
 j - 2 potions of haste
 k - 6 potions of stabbing
 l - a potion of brilliance
 n - 2 potions of ambrosia
 s - a potion of curing
 B - a potion of berserk rage
 L - 2 potions of invisibility
Comestibles
 f - 17 rations


   Skills:
 + Level 8.5 Fighting
 + Level 11.2 Long Blades
 + Level 9.3 Armour
 + Level 2.0 Dodging
 + Level 0.4 Stealth
 + Level 9.8 Shields
 + Level 0.6 Invocations


You had 9 spell levels left.
You didn't know any spells.
Your spell library contained the following spells:

 Spells                   Type           Power        Failure   Level  Hunger
 Summon Small Mammal      Summ           #...         100%        1    ##.....
 Call Imp                 Summ           #.......     100%        2    ###....
 Call Canine Familiar     Summ           #.......     100%        3    ####...
 Summon Guardian Golem    Hex/Summ       #.......     100%        3    ####...
 Summon Ice Beast         Ice/Summ       #.......     100%        4    #####..
 Summon Lightning Spire   Summ/Air       #.......     100%        4    #####..


Dungeon Overview and Level Annotations

Branches:
Dungeon (10/15)            Temple (1/1) D:5            Lair (0/6) D:9
    Orc (0/2) D:10

Altars:
Cheibriados
Elyvilon
Gozag
Makhleb
Okawaru
Qazlal
Ru
Trog
Uskayaw
Vehumet
Wu Jian
Zin
The Shining One
Beogh


Innate Abilities, Weirdness & Mutations

You reflexively headbutt those who attack you in melee.
You have a pair of horns on your head.


Message History

You feel sick. The orc hits you but does no damage.
The orc wizard mumbles some strange words.
The orc wizard flickers and vanishes!
Deactivating autopickup; reactivate with Ctrl-A.
You feel sick.
The orc throws a boomerang.
You block the boomerang.
The weapon returns to the orc!
The orc priest casts a cantrip, but nothing happens.
The orc priest mumbles some strange prayers to Beogh against you.
Beogh smites you!
* * * LOW HITPOINT WARNING * * *
The orc warrior hits you from afar with a +0 glaive!
* * * LOW HITPOINT WARNING * * *
You feel sick.
The orc throws a boomerang.
The boomerang hits you but does no damage.
You feel sick.
The orc priest miscasts a cantrip.
The orc priest calls down the wrath of Beogh upon you.
Beogh smites you!
You die...

.........##%...#
.....oo..##....##
....##.o........#
....##oo.oa.....#
.......goog.....######
.......oo.ooh........#
....######..........<#
.... #.o.........# ...
#..@........# ..
#....<).....#
#...........#
+...........#
#(..........#
#############


You could see a warg, an orc warrior, a worker ant, 3 orc priests, an orc
wizard, 7 orcs, a hobgoblin and a goblin.

Vanquished Creatures
  2 two-headed ogres
  A hornet (D:8)
  A hungry ghost (D:9)
  A soldier ant (D:8)
  Edmund (D:4)
  2 wargs (D:9)
  A hornet zombie (D:9)
  A sky beast (D:6)
  7 orc warriors
  2 ogres
  An ice beast (D:9)
  A centaur (D:5)
  A crocodile (D:8)
  Blork the orc (D:4)
  4 bullfrogs
  A water moccasin zombie (D:9)
  A wyvern zombie (D:9)
  6 killer bees (D:8)
  5 wights (D:9)
  A howler monkey (D:7)
  2 crimson imps
  A quasit (D:10)
  7 orc priests
  A bullfrog skeleton (D:5)
  A jelly (D:7)
  6 orc wizards
  Crazy Yiuf (D:3)
  2 iguanas
  10 worker ants
  Terence (D:2)
  A hound zombie (D:6)
  A gnoll (D:1)
  17 adders
  A shadow imp (D:9)
  3 oozes
  An adder skeleton (D:5)
  7 worms
  A dart slug (D:1)
  8 leopard geckos
  51 orcs
  7 giant cockroaches
  7 goblins
  10 hobgoblins
  6 jackals
  8 kobolds
  3 quokkas
  A ball python (D:3)
  7 bats
  2 frilled lizards
  A giant cockroach zombie (D:5)
  A jackal zombie (D:5)
  A leopard gecko skeleton (D:9)
  A quokka skeleton (D:4)
  A quokka zombie (D:2)
  7 rats
227 creatures vanquished.

Vanquished Creatures (others)
  An orc wizard (D:5)
  2 orcs (D:5)
  3 plants (D:9)
6 creatures vanquished.

Grand Total: 233 creatures vanquished

Notes
Turn   | Place    | Note
-------+----------+-------------------------------------------
     0 | D:1      | Peloso the Minotaur Fighter began the quest for the Orb.
     0 | D:1      | Reached XP level 1. HP: 19/19 MP: 0/0
   215 | D:1      | Reached XP level 2. HP: 27/27 MP: 1/1
   547 | D:1      | Reached XP level 3. HP: 32/33 MP: 2/2
   889 | D:2      | Reached skill level 3 in Long Blades
   926 | D:1      | Reached XP level 4. HP: 7/40 MP: 3/3
  1317 | D:2      | Noticed a bullfrog
  1322 | D:2      | Killed a bullfrog
  1322 | D:2      | Reached skill level 4 in Long Blades
  1322 | D:2      | Reached XP level 5. HP: 45/46 MP: 4/4
  1382 | D:2      | Found a faded altar of an unknown god.
  1550 | D:2      | Noticed Terence
  1564 | D:2      | Killed Terence
  1970 | D:2      | Reached skill level 5 in Long Blades
  2157 | D:3      | Reached XP level 6. HP: 25/53 MP: 5/5
  2502 | D:3      | Found a runed translucent door.
  2503 | D:3      | Noticed Crazy Yiuf
  2577 | D:3      | Reached skill level 5 in Armour
  2910 | D:3      | Reached skill level 5 in Shields
  3111 | D:3      | Found a burning altar of Makhleb.
  3274 | D:3      | Killed Crazy Yiuf
  3559 | D:4      | Noticed Edmund
  3581 | D:4      | Killed Edmund
  3581 | D:4      | Reached skill level 6 in Long Blades
  3581 | D:4      | Reached skill level 1 in Dodging
  3581 | D:4      | Reached XP level 7. HP: 31/60 MP: 6/6
  4456 | D:4      | Reached skill level 5 in Fighting
  4700 | D:4      | Noticed Blork the orc
  4712 | D:4      | Killed Blork the orc
  4777 | D:5      | Entered Level 5 of the Dungeon
  5021 | D:5      | Reached skill level 7 in Long Blades
  5141 | D:5      | Reached XP level 8. HP: 68/68 MP: 7/7
  5265 | D:5      | Found an opulent altar of Gozag.
  5322 | D:5      | Found a staircase to the Ecumenical Temple.
  5331 | Temple   | Entered the Ecumenical Temple
  5387 | Temple   | Became a worshipper of Warmaster Okawaru
  6140 | D:6      | Found an ornate altar of the Wu Jian Council.
  6233 | D:6      | Reached skill level 8 in Long Blades
  7005 | D:7      | Reached skill level 9 in Long Blades
  7226 | D:8      | Reached * piety under Okawaru
  7643 | D:8      | Reached XP level 9. HP: 57/78 MP: 5/8
  7916 | D:8      | Noticed a two-headed ogre
  7924 | D:8      | Killed a two-headed ogre
  7924 | D:8      | Reached ** piety under Okawaru
  7924 | D:8      | Reached skill level 10 in Long Blades
  8194 | D:8      | Found a bloodstained altar of Trog.
  8915 | D:9      | Reached *** piety under Okawaru
  9043 | D:9      | Found a roughly hewn altar of Beogh.
  9217 | D:9      | Reached XP level 10. HP: 75/88 MP: 9/9
  9969 | D:9      | Found a staircase to the Lair.
 10099 | D:9      | Reached skill level 11 in Long Blades
 10138 | D:9      | Reached **** piety under Okawaru
 10400 | D:10     | Entered Level 10 of the Dungeon
 10400 | D:10     | Noticed a two-headed ogre
 10408 | D:10     | Killed a two-headed ogre
 10429 | D:10     | Found a staircase to the Orcish Mines.
 10449 | D:10     | Killed from afar by an orc priest

Illustrated notes

Levels and vault maps discovered:
D:1:      wander_arrival_estate, layout_basic
D:2:      layout_rooms, chequers_ecumenical_altar_island, st_stairs_10,
          uniq_terence
D:3:      layout_loops_ring, marbit_many_paths, uniq_crazy_yiuf_cottage
D:4:      minmay_bubble_buster, layout_basic, uniq_blork_the_orc, uniq_edmund
D:5:      layout_loops_corners, lemuel_temple_firewalk_a, basic_altar,
          first_ration, minmay_misc_feat_square
D:6:      layout_rooms, basic_altar
D:7:      layout_gridville
D:8:      layout_loops_ring, hangedman_pestilent_swarm, trog_book
D:9:      layout_roguey [special_room_orc], erik_lair_orcish_takeover
D:10:     layout_roguey, erik_orc_4, hangedman_weighted_door,
          nrook_pool_corridor, uniq_maurice
Temple:   minmay_crystal_snake_temple

Skill      XL: |  1  2  3  4  5  6  7  8  9 10 |
---------------+-------------------------------+-----
Armour         | 4 5 6 7 8 9 |  9.3
Fighting       | 4 5 6 8 |  8.5
Shields        | 4 5 6 7 9 |  9.8
Long Blades    | 3 4 5 6 7 9 10 11 | 11.2
Dodging        | 1 2 |  2.0
Stealth        | |  0.4
Invocations    | |  0.6

Action                   |  1- 3 |  4- 6 |  7- 9 | 10-12 || total
-------------------------+-------+-------+-------+-------++-------
Melee: Long sword        |    88 |   196 |   435 |   138 ||   857
       Headbutt          |    11 |    36 |    97 |    33 ||   177
Invok: Heroism           |       |       |     4 |     2 ||     6
  Use: Potion            |     3 |       |       |     1 ||     4
       Scroll            |       |       |     7 |     1 ||     8
  Eat: Chunk             |       |     8 |    15 |     7 ||    30
       Ration            |       |       |     1 |       ||     1
Armor: Scale mail        |    41 |    86 |     7 |       ||   134
       Chain mail        |       |       |    31 |       ||    31
       Plate armour      |       |       |   176 |    79 ||   255
Dodge: Dodged            |    29 |    38 |    74 |    28 ||   169
Block: Kite shield       |    59 |   114 |   241 |    87 ||   501
       Rpst.: Long sword |     7 |     7 |    23 |     5 ||    42
